 Dungeon Crawl Stone Soup version 0.31-a0-325-g067879e3d3 (webtiles) character file.

Game seed: 14590068242331538905

68745 Newt the Destroyer (level 14, -13/100 HPs)
             Began as a Demonspawn Gladiator on July 18, 2023.
             Was the Champion of Dithmenos.
             Killed from afar by a naga mage (26 damage)
             ... with a bolt of poison
             ... on level 1 of the Snake Pit.
             The game lasted 00:42:41 (17778 turns).

Newt the Destroyer (Demonspawn Gladiator)          Turns: 17778, Time: 00:42:42

Health: -13/100    AC: 17    Str:  9    XL:     14   Next: 87%
Magic:  25/35      EV: 10    Int: 17    God:    Dithmenos [******]
Gold:   219        SH: 13    Dex: 23    Spells: 19/29 levels left

rFire   + + +        A - +6 short sword (freeze)
rCold   + . .        Y - +2 shield of Resistance {rF++ rC++ Will++}
rNeg    . . .        v - +3 leather armour of Classification {Dex+4}
rPois   .            y - +2 helmet of Varas {Regen+ Str-5 Int+3 Dex+3}
rElec   .            g - +1 cloak
rCorr   .            j - +1 pair of gloves
SInv    .            (no boots)
Will    +++..        l - amulet of regeneration
Stlth   ++++++++++   C - ring of magical power
HPRegen 1.96/turn    B - ring of fire
MPRegen 0.24/turn

%: no passive effects
@: lethally poisoned (-13 -> -31), wreathed by umbra, constricted, studying 2
skills
A: hooves 2, thin metallic scales 2, foul stench 1, demonic magic 3
a: Renounce Religion, Shadow Step, Shadow Form


You were on level 1 of the Snake Pit.
You worshipped Dithmenos.
Dithmenos was exalted by your worship.
You visited 5 branches of the dungeon, and saw 20 of its levels.
You also visited: Volcano.

You collected 1704 gold pieces.
You spent 1485 gold pieces at shops.

Inventory:

Hand Weapons
 a - a +0 rapier
 A - a +6 short sword of freezing (weapon)
Missiles
 d - 3 throwing nets
 e - 13 javelins
Armour
 b - a +0 leather armour
 c - a +0 helmet
 g - a +1 cloak (worn)
 j - a +1 pair of gloves (worn)
 v - the +3 leather armour of Classification (worn) {Dex+4}
   (You bought it in a shop on level 2 of the Dungeon)

   Dex:       It affects your dexterity (+4).
 y - the +2 helmet of Varas (worn) {Regen+ Str-5 Int+3 Dex+3}
   (You found it on level 5 of the Dungeon)

   Str:       It affects your strength (-5).
   Int:       It affects your intelligence (+3).
   Dex:       It affects your dexterity (+3).
   Regen:     It increases your rate of health regeneration.
 F - a +2 scale mail of fire resistance
 Y - the +2 shield of Resistance (worn) {rF++ rC++ Will++}
   (You bought it in a shop on level 2 of the Orcish Mines)

   rF:        It greatly protects you from fire.
   rC:        It greatly protects you from cold.
   Will:      It greatly increases your willpower.
Jewellery
 f - a ring of resist corrosion
 l - an amulet of regeneration (around neck)
 q - a ring of see invisible
 t - a ring of positive energy
 B - a ring of fire (right hand)
 C - a ring of magical power (left hand)
 V - an amulet of faith
 X - a +5 ring of evasion
Wands
 D - a wand of flame (49)
 J - a wand of paralysis (10)
 L - a wand of polymorph (5)
 N - a wand of iceblast (12)
 O - a wand of digging (6)
 W - a wand of light (3)
Scrolls
 k - 2 scrolls of vulnerability
 u - 2 scrolls of fog
 z - 3 scrolls of teleportation
 G - 3 scrolls of enchant armour
 H - 3 scrolls of enchant weapon
 I - a scroll of noise
 M - 2 scrolls of fear
 T - 4 scrolls of identify
 U - a scroll of revelation
Potions
 h - 6 potions of ambrosia
 i - 6 potions of curing
 m - a potion of magic
 n - a potion of heal wounds
 o - 4 potions of enlightenment
 p - 2 potions of cancellation
 r - 2 potions of invisibility
 s - 3 potions of brilliance
 w - 2 potions of might
 x - a potion of attraction
 E - a potion of lignification
 K - a potion of degeneration
 P - a potion of haste
 Q - a potion of mutation
 S - a potion of berserk rage
Miscellaneous
 R - a tin of tremorstones (2/2)


   Skills:
 - Level 6.0 Fighting
 - Level 10.0 Short Blades
 - Level 1.7 Throwing
 - Level 5.0 Armour
 - Level 6.0 Dodging
 - Level 12.0 Stealth
 + Level 4.3 Shields
 - Level 8.0 Spellcasting
 - Level 12.9 Conjurations
 - Level 7.6 Hexes
 - Level 9.1 Fire Magic
 - Level 6.0 Evocations


You had 19 spell levels left.
You knew the following spells:

 Your Spells              Type           Power      Damage    Failure   Level
a - Magic Dart            Conj           100%       1d8       1%          1
b - Searing Ray           Conj           100%       2d8       1%          2
c - Dazzling Flash        Conj/Hex       82%        N/A       3%          3
d - Flame Wave            Conj/Fire      61%        2d14      7%          4

Your spell library contained the following spells:

 Spells                   Type           Power      Damage    Failure   Level
 Kiss of Death            Conj/Necr      100%       2d13      4%          1
 Inner Flame              Hex/Fire       52%        N/A       6%          3
 Static Discharge         Conj/Air       56%        2-5/arc   7%          2
 Sticky Flame             Conj/Fire      61%        2d8       7%          4
 Confusing Touch          Hex            32%        N/A       9%          3
 Fulminant Prism          Conj/Hex       20%        3d12      10%         4
 Stone Arrow              Conj/Erth      56%        3d10      14%         3
 Ensorcelled Hibernation  Hex/Ice        38%        N/A       21%         2
 Volatile Blastmotes      Fire/Tloc      66%        2d15      30%         3
 Mephitic Cloud           Conj/Pois/Air  21%        N/A       34%         3
 Portal Projectile        Hex/Tloc       38%        N/A       38%         3
 Sandblast                Erth           12%        2d6       54%         1
 Call Imp                 Summ           12%        N/A       69%         2
 Passwall                 Tmut/Erth      5%         N/A       69%         2
 Starburst                Conj/Fire      30%        6d9       73%         6
 Leda's Liquefaction      Hex/Erth       9%         N/A       80%         4
 Call Canine Familiar     Summ           6%         N/A       89%         3
 Frozen Ramparts          Ice            12%        1d2       89%         3
 Ozocubu's Armour         Ice            6%         N/A       89%         3
 Swiftness                Air            6%         N/A       89%         3
 Metabolic Englaciation   Hex/Ice        9%         N/A       98%         5
 Airstrike                Air            3%         2d(1-17)  100%        4
 Dispel Undead            Necr           6%         3d8       100%        4
 Petrify                  Tmut/Erth      6%         N/A       100%        4
 Summon Lightning Spire   Summ/Air       6%         N/A       100%        4
 Ozocubu's Refrigeration  Ice            3%         4d8       100%        7
 Maxwell's Capacitive Co  Air            3%         ∞         100%        8


Dungeon Overview and Level Annotations

Branches:
Dungeon (11/15)            Temple (1/1) D:5            Lair (5/5) D:11
 Shoals (0/4) Lair:2        Snake (1/4) Lair:2        Slime (0/5) Lair:4
    Orc (2/2) D:11            Elf (0/3) Orc:2       Volcano (visited)

Altars:
Ashenzari
Cheibriados
Dithmenos
Fedhas
Gozag
Hepliaklqana
Kikubaaqudgha
Makhleb
Nemelex Xobeh
Okawaru
Qazlal
Ru
Sif Muna
Trog
Uskayaw
Vehumet
Wu Jian
Xom
Yredelemnul
Jiyva

Shops:
D:2 [[   D:6 (   Orc:1 (   Orc:2 =****   Snake:1 =::

Annotations:
D:11 6 transporters


Innate Abilities, Weirdness & Mutations

You have hoof-like feet.
You are mostly covered in thin metallic scales. (AC +3)
You may rarely emit foul miasma when damaged in melee.
Spells you cast and wands you use may paralyse nearby enemies.


Message History

Malevolent energies surge around you.
You feel sick.
The naga mage hits you but does no damage.
The naga mage gestures at you while chanting.
The bolt of poison hits you!
You are more poisoned.
The naga mage constricts you. You block the naga's attack.
A wave of flame ripples out!
The flame wave engulfs the naga!
The naga is severely wounded.
The flame wave engulfs the naga mage.
The naga mage is severely wounded.
The flame wave engulfs the naga mage!
The naga mage is moderately wounded.
You feel very sick.
The naga mage gestures at the naga while chanting.
The naga seems to grow toxic.
The naga hits you with a +0 dire flail!
* * * LOW HITPOINT WARNING * * *
You emit a cloud of dark smoke.
The naga mage hits you with a +0 spear.
* * * LOW HITPOINT WARNING * * *
The naga mage constricts you.
* * * LOW HITPOINT WARNING * * *
The naga mage hits you from afar with a +0 spear.
* * * LOW HITPOINT WARNING * * *
Unknown command.
A wave of flame ripples out!
The flame wave engulfs the naga!!
You kill the naga!
Dithmenos accepts your kill.
The flame wave engulfs the naga mage!
The naga mage is almost dead.
The flame wave engulfs the naga mage!
The naga mage is severely wounded.
You finish channelling waves of flame.
You feel very sick. The naga mage spits poison at you.
The splash of poison hits you.
You are more poisoned.
* * * LOW HITPOINT WARNING * * *
The naga mage gestures at you while chanting.
The bolt of poison hits you!!
You are lethally poisoned!
You die...

##... #... ♣♣♣♣♣ ..#...
.# ♣♣...♣ .#
..#..######.#♣♣.∩..♣ ...
...........#♣.....♣ ##..
##§##......#♣.∩.⌠.∩
#....#§§§.......#♣.....♣
.....N§@§.......#♣♣.∩..♣
.....##N§.§.....# ♣♣...♣
... #§§§§.....###♣♣♣♣♣ .
#.§.........######
#..!...####.......
##.##### ##..#.## ....
##.#..# .#... #....# .
#.... . #....#


You could see 2 naga magi.

Vanquished Creatures
  Nikola (Snake:1)
  An orc warlord (Orc:1)
  A stone giant (Volcano)
  A fire dragon (Lair:5)
  5 hydras
  2 boulder beetles
  2 two-headed ogres
  A naga sharpshooter (Snake:1)
  5 orc high priests (Orc:2)
  Amaemon (Lair:1)
  The ghost of Pokonic1 the Protected, a novice FoFi of Yredelemnul (D:7)
  A skyshark (Lair:5)
  An obsidian statue (Volcano)
  A naga ritualist (Snake:1)
  A lindwurm (Lair:5)
  2 mana vipers (Snake:1)
  9 orc knights (Orc:2)
  2 orc sorcerers (Orc:2)
  A manticore (D:11)
  Maurice (D:8)
  A merfolk siren (Lair:2)
  3 molten gargoyles (Lair:5)
  11 cane toads
  4 elephants (Lair:3)
  An unseen horror (D:11)
  12 black mambas
  An orange demon (Lair:1)
  6 rime drakes
  2 kobold demonologists (D:9)
  13 komodo dragons
  An efreet (Volcano)
  5 trolls
  3 polar bears
  A queen bee (Lair:1)
  2 hornets
  22 blink frogs
  3 slime creatures (D:8)
  10 wyverns
  Sigmund (D:5)
  20 yaks
  A shadow (D:10)
  A vampire (D:11)
  6 fire bats (Volcano)
  10 basilisks
  2 fire elementals (Volcano)
  Eustachio (D:5)
  5 steam dragons
  2 vampire mosquitoes (D:11)
  Menkaure (D:5)
  2 wargs (Orc:1)
  6 nagas
  An acid dragon (D:10)
  5 hell hounds (Lair:5)
  15 water moccasins
  Duvessa (D:7)
  31 orc warriors
  3 ice beasts (D:7)
  6 black bears
  3 ogres
  19 wolves
  8 centaurs
  A phantom (D:5)
  15 bullfrogs
  6 kobold brigands
  Blork the orc (D:6)
  An earth elemental (Volcano)
  4 scorpions
  18 wights
  Dowan (D:7)
  25 killer bees (Lair:1)
  An electric eel (Lair:2)
  10 lava snakes
  2 hounds
  22 orc priests
  6 jellies
  A sleepcap (D:6)
  11 hell rats (Lair:4)
  4 iguanas
  18 orc wizards
  5 adders
  3 shadow imps
  6 white imps
  2 howler monkey simulacra (D:7)
  6 dart slugs
  54 orcs
  7 bats
  10 endoplasms
  4 giant cockroaches
  8 goblins
  6 hobgoblins
  5 jackals (D:2)
  A quokka (D:5)
  5 ball pythons
  3 frilled lizards
  25 kobolds
  4 rats
  A spectral hobgoblin (D:2)
593 creatures vanquished.

Vanquished Creatures (others)
  An orc high priest (Orc:2)
  A black mamba (Snake:1)
  A wyvern (Lair:5)
  An orc (Orc:2)
  A kobold (D:7)
5 creatures vanquished.

Grand Total: 598 creatures vanquished

Notes
Turn   | Place    | Note
-------+----------+-------------------------------------------
     0 | D:1      | Newt the Demonspawn Gladiator began the quest for the Orb.
     0 | D:1      | Reached XP level 1. HP: 16/16 MP: 1/1
   132 | D:1      | Gained mutation: Spells you cast may paralyse adjacent
                  | enemies. [demonic ancestry]
   132 | D:1      | Reached XP level 2. HP: 20/23 MP: 2/2
   369 | D:1      | Gained mutation: You have large cloven feet. [demonic
                  | ancestry]
   369 | D:1      | Reached XP level 3. HP: 29/29 MP: 3/3
   626 | D:2      | Found a faded altar of an unknown god.
   832 | D:2      | Found Jawko's Antique Armour Shoppe.
   847 | D:2      | Found Loamoll's Antique Armour Emporium.
  1002 | D:2      | Reached skill level 1 in Stealth
  1560 | D:3      | Gained mutation: Spells you cast may paralyse nearby
                  | enemies. [demonic ancestry]
  1560 | D:3      | Reached XP level 4. HP: 37/37 MP: 4/4
  1822 | D:3      | Learned a level 1 spell: Magic Dart
  2026 | D:4      | Found an opulent altar of Gozag.
  2145 | D:4      | Noticed a scorpion
  2153 | D:4      | Killed a scorpion
  2154 | D:4      | Reached skill level 1 in Spellcasting
  2154 | D:4      | Reached skill level 1 in Conjurations
  2154 | D:4      | Reached XP level 5. HP: 42/42 MP: 3/6
  2692 | D:5      | Entered Level 5 of the Dungeon
  2738 | D:5      | Noticed Menkaure
  2743 | D:5      | Killed Menkaure
  2744 | D:5      | Gained mutation: You have hoof-like feet. [demonic
                  | ancestry]
  2744 | D:5      | Reached XP level 6. HP: 43/48 MP: 6/9
  2780 | D:5      | Found a staircase to the Ecumenical Temple.
  2816 | D:5      | Reached XP level 7. HP: 40/54 MP: 3/12
  2817 | Temple   | Entered the Ecumenical Temple
  2827 | Temple   | Became a worshipper of Dithmenos the Shadowed
  2911 | D:5      | Noticed Sigmund
  2923 | D:5      | Killed Sigmund
  2991 | D:5      | Learned a level 2 spell: Searing Ray
  3162 | D:5      | Found a bloodstained altar of Trog.
  3165 | D:5      | Noticed Eustachio
  3182 | D:5      | Killed Eustachio
  3183 | D:5      | Reached skill level 5 in Conjurations
  3268 | D:5      | Identified the +2 helmet of Varas {Regen+ Str-5 Int+3
                  | Dex+3}
  3385 | D:6      | Reached skill level 5 in Stealth
  3385 | D:6      | Gained mutation: You may rarely emit foul miasma when
                  | damaged in melee. [demonic ancestry]
  3385 | D:6      | Reached XP level 8. HP: 60/60 MP: 15/15
  3682 | D:6      | Noticed Blork the orc
  3688 | D:6      | Killed Blork the orc
  3746 | D:6      | Reached * piety under Dithmenos
  3881 | D:6      | Found Hivur's Weapon Shop.
  4109 | D:2      | Bought a jade-encrusted leather armour for 133 gold pieces
  4109 | D:2      | Identified the +3 leather armour of Classification {Dex+4}
                  | (You bought it in a shop on level 2 of the Dungeon)
  4975 | D:7      | Reached skill level 5 in Short Blades
  5109 | D:7      | Noticed Duvessa
  5109 | D:7      | Noticed Dowan
  5116 | D:7      | Killed Duvessa
  5117 | D:7      | Gained mutation: You are partially covered in thin metallic
                  | scales. (AC +2) [demonic ancestry]
  5117 | D:7      | Reached XP level 9. HP: 63/65 MP: 14/16
  5121 | D:7      | Killed Dowan
  5179 | D:7      | Noticed Pokonic1's ghost (novice FoFi)
  5224 | D:7      | Found a runed translucent gate.
  5225 | D:7      | Found a runed translucent gate.
  5226 | D:7      | Found a runed translucent gate.
  5363 | D:7      | Found a broken altar of Ashenzari.
  5363 | D:7      | Found a faded altar of an unknown god.
  5383 | D:7      | Found a hide-covered altar of Uskayaw.
  5385 | D:7      | Found a faded altar of an unknown god.
  5387 | D:7      | Found an ancient bone altar of Kikubaaqudgha.
  5739 | D:7      | Killed Pokonic1's ghost
  5739 | D:7      | Reached ** piety under Dithmenos
  5928 | D:8      | Noticed Maurice
  5931 | D:8      | Killed Maurice
  6236 | D:8      | Found a snail-covered altar of Cheibriados.
  6251 | D:8      | Reached skill level 10 in Conjurations
  6251 | D:8      | Reached XP level 10. HP: 67/71 MP: 15/17
  7112 | D:9      | Found a blossoming altar of Fedhas.
  7118 | D:9      | Reached skill level 5 in Dodging
  7276 | D:9      | Learned a level 3 spell: Dazzling Flash
  7339 | D:9      | Reached *** piety under Dithmenos
  7518 | D:9      | Gained mutation: Spells you cast and wands you use may
                  | paralyse nearby enemies. [demonic ancestry]
  7518 | D:9      | Reached XP level 11. HP: 77/77 MP: 18/18
  7526 | D:9      | Paralysed by a hornet for 3 turns
  7610 | D:9      | You fall into a shaft and drop 1 floor!
  7610 | D:10     | Entered Level 10 of the Dungeon
  7648 | D:10     | Reached skill level 10 in Stealth
  7678 | D:10     | Found a radiant altar of Vehumet.
  7986 | D:10     | Noticed a two-headed ogre
  7991 | D:10     | Killed a two-headed ogre
  8145 | D:11     | Noticed a boulder beetle
  8146 | D:11     | Killed a boulder beetle
  8150 | D:11     | Found a staircase to the Lair.
  8170 | D:11     | Reached skill level 5 in Fighting
  8271 | D:11     | Found a transporter.
  8272 | D:11     | Found a transporter.
  8407 | D:11     | Found a transporter.
  8411 | D:11     | Found a transporter.
  8421 | D:11     | Found a staircase to the Orcish Mines.
  8438 | D:11     | Reached skill level 1 in Armour
  8532 | D:11     | Found a transporter.
  8623 | D:11     | Found a transporter.
  8750 | Lair:1   | Entered Level 1 of the Lair of Beasts
  8756 | Lair:1   | Reached **** piety under Dithmenos
  8870 | Lair:1   | Reached skill level 5 in Armour
  8870 | Lair:1   | Reached skill level 1 in Evocations
  9067 | Lair:1   | Reached XP level 12. HP: 74/88 MP: 19/19
  9158 | Lair:1   | Reached skill level 5 in Evocations
  9191 | Lair:1   | Noticed Amaemon
  9217 | Lair:1   | Killed Amaemon
  9604 | Lair:1   | Reached skill level 1 in Hexes
  9956 | Lair:2   | Reached ***** piety under Dithmenos
  9960 | Lair:2   | Found a staircase to the Snake Pit.
  9979 | Lair:2   | Reached skill level 5 in Hexes
 10042 | Lair:2   | Noticed a seven-headed hydra
 10063 | Lair:2   | Killed a seven-headed hydra
 10338 | Lair:2   | Found a dark tunnel.
 10550 | Volcano  | Entered a volcano
 10646 | Volcano  | Noticed a stone giant
 10647 | Volcano  | Found a burning altar of Makhleb.
 10656 | Volcano  | Killed a stone giant
 11108 | Lair:2   | Gained mutation: You are mostly covered in thin metallic
                  | scales. (AC +3) [demonic ancestry]
 11108 | Lair:2   | Reached XP level 13. HP: 78/93 MP: 20/20
 11383 | Lair:2   | Found a staircase to the Shoals.
 12428 | Lair:4   | Reached skill level 10 in Short Blades
 12460 | Lair:4   | Reached skill level 5 in Spellcasting
 12682 | Lair:4   | Found a staircase to the Slime Pits.
 12683 | Lair:4   | Found a viscous altar of Jiyva.
 12720 | Lair:4   | Reached ****** piety under Dithmenos
 13638 | Lair:5   | Entered Level 5 of the Lair of Beasts
 14021 | Lair:5   | Found a stormy altar of Qazlal.
 14393 | Lair:5   | Learned a level 4 spell: Flame Wave
 14457 | Lair:5   | Reached skill level 1 in Fire Magic
 14473 | Lair:5   | Reached XP level 14. HP: 89/100 MP: 26/26
 14492 | Lair:5   | Found a large runed translucent door.
 14771 | Lair:5   | Found a large runed translucent door.
 15455 | Orc:1    | Entered Level 1 of the Orcish Mines
 15475 | Orc:1    | Found Keumpewn's Antique Weapon Shoppe.
 15501 | Orc:1    | Noticed an orc warlord
 15511 | Orc:1    | Killed an orc warlord
 15512 | Orc:1    | Reached skill level 5 in Fire Magic
 15800 | Orc:2    | Entered Level 2 of the Orcish Mines
 16089 | Orc:2    | Paralysed by an orc sorcerer for 5 turns
 16573 | Orc:2    | Found Vihull's General Store.
 16576 | Orc:2    | Found Deuqiuh's General Store.
 16577 | Orc:2    | Found Veol's Assorted Antiques.
 16578 | Orc:2    | Found Kolounuf's Jewellery Boutique.
 16581 | Orc:2    | Bought a large cabochon ring for 125 gold pieces
 16581 | Orc:2    | Bought a scroll of identify for 50 gold pieces
 16581 | Orc:2    | Bought a scroll of identify for 50 gold pieces
 16582 | Orc:2    | Bought the +2 shield of Resistance {rF++ rC++ Will++} for
                  | 987 gold pieces
 16582 | Orc:2    | Found the +2 shield of Resistance {rF++ rC++ Will++}
 16807 | Orc:2    | Found Pemn's Assorted Antiques.
 16808 | Orc:2    | Found a staircase to the Elven Halls.
 16829 | Orc:2    | Bought a potion of heal wounds for 140 gold pieces
 17090 | Snake:1  | Entered Level 1 of the Snake Pit
 17112 | Snake:1  | Noticed Nikola
 17135 | Lair:2   | Reached skill level 1 in Shields
 17374 | Snake:1  | Killed Nikola
 17452 | Snake:1  | Identified the +4 hand axe of the Reaper {freeze, MP+9
                  | SInv}
 17457 | Snake:1  | Found Istremaynn's Book Shop.
 17458 | Snake:1  | Found Qevoac's Jewellery Shoppe.
 17459 | Snake:1  | Found Arocwe Weigu's Book Shop.
 17778 | Snake:1  | Killed from afar by a naga mage

Illustrated notes

Levels and vault maps discovered:
D:1:      spicycebolla_green_bress_n_ham_2, layout_rooms,
          roderic_serpentine_path
D:2:      layout_basic, dreamdust_ecumenical_altar_drowned_temple, serial_shops,
          nicolae_shop_tiny_statue_garden, shop_statue, minmay_hexomino_u4
D:3:      layout_basic, roderic_roman_lattice
D:4:      layout_basic, mainiacjoe_overflow_chevrons
D:5:      layout_rooms, trog_butcher_becter, minmay_temple_entry_arrows,
          uniq_eustachio, uniq_menkaure, uniq_sigmund
D:6:      layout_layer_cave, serial_shops, nicolae_shop_bloodbath_and_beyond,
          uniq_blork_the_orc
D:7:      layout_loops_ring, chequers_temple_overflow_minitemple,
          gammafunk_ghost_icy, uniq_duvessa
D:8:      layout_basic, kennysheep_slug_shrine, uniq_maurice
D:9:      layout_stronghold, mainiacjoe_overflow_brackets, enter_bailey_6
D:10:     layout_roguey, mainiacjoe_overflow_concentric_impassable
D:11:     layout_basic, minmay_lair_entry_grove, orc_0_dummy,
          minmay_misc_feat_columns, serial_nicolae_subway,
          nicolae_sub_station_stone, nicolae_sub_station_crystal,
          nicolae_sub_station_metal
Temple:   nicolae_temple_great_sept
Lair:1:   layout_roguey, special_room [special_room_bee], grunt_megastairs_5,
          uniq_amaemon
Lair:2:   layout_loops_ring, elwin_shoals_entry_rooms,
          guppyfry_snake_entry_island, nicolae_volcano_entry_two_sided
Lair:3:   layout_loops_ring, lemuel_fruit_tree
Lair:4:   layout_roguey, nicolae_slime_entry_slimehenge, special_room
          [special_room_mythical_zoo], dreamdust_mushroom_princess
Lair:5:   cheibrodos_lair_end_hotspot, layout_loops_ring, basic_altar
Snake:1:  layout_honeycomb, minmay_shop_grove, uniq_frances, uniq_aizul,
          uniq_nikola, uniq_rupert
Orc:1:    layout_diamond_mine, serial_shops, shop
Orc:2:    st_orc_pillars, layout_caves, serial_shops, shop, basic_altar

Skill      XL: |  1  2  3  4  5  6  7  8  9 10 11 12 13 14 |
---------------+-------------------------------------------+-----
Fighting       | 3 4 6 |  6.0
Stealth        | 2 4 5 8 9 12 | 12.0
Spellcasting   | 1 2 3 4 8 |  8.0
Conjurations   | 1 2 3 5 10 11 12 | 12.9
Short Blades   | 6 8 10 | 10.0
Dodging        | 6 |  6.0
Armour         | 5 |  5.0
Evocations     | 4 6 |  6.0
Hexes          | 7 |  7.6
Fire Magic     | 1 9 |  9.1
Shields        | 4 |  4.3
Throwing       | |  1.7

Action                     |  1- 3 |  4- 6 |  7- 9 | 10-12 | 13-15 || total
---------------------------+-------+-------+-------+-------+-------++-------
  Melee: Rapier            |   149 |    70 |    63 |       |       ||   282
         Punch             |     4 |     1 |     1 |     4 |     1 ||    11
         Kick              |    16 |    20 |    31 |    99 |   114 ||   280
         Short sword       |       |       |    52 |   382 |   359 ||   793
  Throw: Throwing net      |       |     1 |       |       |       ||     1
   Cast: Magic Dart        |       |    10 |    58 |   216 |   206 ||   490
         Searing Ray       |       |       |     7 |    11 |     3 ||    21
         Dazzling Flash    |       |       |       |     8 |     1 ||     9
         Flame Wave        |       |       |       |       |    16 ||    16
  Evoke: Tin of tremorston |       |       |       |       |     3 ||     3
         Wand              |       |       |       |       |     3 ||     3
    Use: Scroll            |     4 |     2 |    10 |     9 |     7 ||    32
         Potion            |       |       |       |     4 |     3 ||     7
   Stab: Sleeping          |     3 |     3 |    16 |    29 |    36 ||    87
         Paralysed         |       |    11 |    35 |    98 |    66 ||   210
         Invisible         |       |       |       |     4 |       ||     4
         Distracted        |       |       |       |     2 |     6 ||     8
 Armour: Leather armour    |    57 |    24 |    41 |   179 |   141 ||   442
  Dodge: Dodged            |   109 |    34 |    75 |   613 |   295 ||  1126
  Block: Kite shield       |       |       |       |       |    37 ||    37

Table legend: (Time is in decaauts)
 A = Elapsed time spent in this place.
 B = Non-inter-level travel time spent in this place.
 C = Inter-level travel time spent in this place.
 D = Time resting spent in this place.
 E = Time spent auto-exploring this place.
 F = Levels seen in this place.
 G = Mean time per level.
                   A        B        C        D        E       F      G
               +--------+--------+--------+--------+--------+-----+--------+
         Total |  17539 |  16415 |   1124 |   2586 |  10398 |  21 |  835.2 |
       Dungeon |   8799 |   8095 |    704 |    267 |   6331 |  11 |  799.9 |
        Temple |     20 |     13 |      7 |      0 |      0 |   1 |   20.0 |
          Lair |   6321 |   5992 |    329 |   1840 |   3017 |   5 | 1264.2 |
     Snake Pit |    456 |    456 |      0 |     52 |    279 |   1 |  456.0 |
  Orcish Mines |   1453 |   1370 |     83 |    276 |    672 |   2 |  726.5 |
       Volcano |    488 |    488 |      0 |    151 |     98 |   1 |  488.0 |
               +--------+--------+--------+--------+--------+-----+--------+

Top non-repeatable levels by time:
  Lair:5: 1653 daAuts
  Lair:1: 1431 daAuts
     D:6: 1364 daAuts
     D:8: 1225 daAuts
  Lair:4: 1194 daAuts
  Lair:2: 1148 daAuts
   Orc:2: 1090 daAuts
     D:2: 960 daAuts
     D:7: 917 daAuts
  Lair:3: 892 daAuts
     D:4: 798 daAuts
     D:5: 746 daAuts
    D:11: 697 daAuts
     D:1: 566 daAuts
    D:10: 532 daAuts
